 Dungeon Crawl Stone Soup version 0.15.0-13-gb296d5c (webtiles) character file.

56578 Alg the Convoker (level 14, -6/82 HPs)
             Began as a Deep Elf Summoner on Sept 2, 2014.
             Was the Champion of Sif Muna.
             Mangled by a ghost moth (9 damage)
             ... on Level 3 of the Spider Nest on Sept 3, 2014.
             The game lasted 04:31:14 (42073 turns).

Alg the Convoker (Deep Elf Summoner)               Turns: 42073, Time: 04:31:15

HP  -6/82        AC 14     Str  5      XL: 14   Next: 42%
MP   0/38        EV 15     Int 31 (32) God: Sif Muna [******]
Gold 2520        SH  0     Dex 14 (15) Spells:  8 memorised,  9 levels left

rFire  + . .     SeeInvis .     E - +6 long sword of Valiance {holy, rF+ Int+2}
rCold  + . .     Clarity  .     v - +1 robe {rC+}
rNeg   . . .     rCorr    .     (no shield)
rPois  +         rRot     .     f - +2 hat
rElec  .         Spirit   .     Y - +2 cloak {rPois}
SustAb .         Warding  .     n - +2 pair of gloves
rMut   .         Stasis   .     O - +2 pair of boots {Stlth+}
Gourm  .                        i - amulet of faith
MR     ++...                    W - +4 ring of intelligence
                                w - cursed ring of protection from magic

@: very slightly contaminated, very resistant to hostile enchantments, quite
stealthy
A: no striking features
a: Channel Energy, Forget Spell, Renounce Religion


You were on level 3 of the Spider Nest.
You worshipped Sif Muna.
Sif Muna was exalted by your worship.
You were not hungry.

You visited 6 branches of the dungeon, and saw 32 of its levels.

You collected 2792 gold pieces.
You spent 272 gold pieces at shops.

Inventory:

Hand weapons
 E - the +6 long sword of Valiance (weapon) {holy, rF+ Int+2}
   (You bought it in a shop on level 4 of the Orcish Mines)

   It has been blessed by the Shining One to cause great damage to the undead
   and demons.
   It affects your intelligence (+2).
   It protects you from fire.
Armour
 f - a +2 hat (worn)
 n - a +2 pair of gloves (worn)
 v - a +1 robe of cold resistance (worn)
 O - a +2 pair of boots of stealth (worn)
 Y - a +2 cloak of poison resistance (worn)
Magical devices
 p - a wand of digging (24)
 r - a wand of fire (8)
 t - a wand of fire (4)
 K - a wand of polymorph (8)
 M - a wand of draining (4)
 N - a wand of digging (11)
 U - a wand of lightning (4)
 Z - a wand of digging (11)
Comestibles
 c - 9 bread rations
 B - a rotting chunk of tarantella flesh
 D - 60 fruits
 F - 5 meat rations
 H - 3 chunks of wolf spider flesh
 R - 2 beef jerkies
 T - 6 royal jellies
Scrolls
 d - a scroll of magic mapping
 e - 10 scrolls of identify
 h - 3 scrolls of enchant armour
 o - 11 scrolls of teleportation
 q - 8 scrolls of remove curse
 A - 5 scrolls of recharging
 C - 2 scrolls of amnesia
 J - 4 scrolls of enchant weapon
 Q - a scroll of fog
 X - 2 scrolls of fear
Jewellery
 i - an amulet of faith (around neck)
 j - a cursed ring of flight
 k - an uncursed ring of teleportation
 l - an uncursed ring of protection from cold
 w - a cursed ring of protection from magic (left hand)
 y - an uncursed amulet of resist mutation
 z - an uncursed ring of teleport control
 G - an uncursed amulet of stasis
 P - an uncursed ring of protection from fire
 S - an uncursed amulet of clarity
 W - a +4 ring of intelligence (right hand)
Potions
 a - a potion of haste
 b - a potion of brilliance
 g - 9 potions of curing
 m - 8 potions of might
 s - 3 potions of resistance
 u - 3 potions of agility
 x - 4 potions of restore abilities
 I - a potion of cure mutation
 V - 2 potions of heal wounds


   Skills:
 + Level 7.0 Fighting
 + Level 3.9 Long Blades
 + Level 6.6 Dodging
 - Level 7.8 Stealth
 + Level 14.7 Spellcasting
 - Level 4.5 Hexes
 + Level 12.5 Charms
 * Level 15.1 Summonings
 - Level 4.0 Translocations
 - Level 5.0 Ice Magic
 + Level 8.4 Invocations


You had 9 spell levels left.
You knew the following spells:

 Your Spells              Type           Power        Failure   Level  Hunger
a - Haste                 Chrm           #######.     1%          6    ###....
b - Shadow Creatures      Summ           N/A          1%          5    None
c - Call Canine Familiar  Summ           #######.     0%          3    None
d - Summon Ice Beast      Ice/Summ       ######..     1%          4    None
e - Summon Guardian Gole  Hex/Summ       ######..     1%          4    None
f - Recall                Summ/Tloc      N/A          1%          3    None
g - Summon Demon          Summ           #######...   1%          5    None
h - Abjuration            Summ           #######...   0%          3    None


Dungeon Overview and Level Annotations

Branches:
Dungeon (15/15)            Temple (1/1) D:7             Orc (4/4) D:9
    Elf (0/3) Orc:3          Lair (8/8) D:10          Swamp (0/5) Lair:5
 Spider (3/5) Lair:6        Slime (0/6) Lair:8       Vaults (0/5) D:13
 Depths (1/5) D:15

Altars:
Ashenzari
Cheibriados
Dithmenos
Elyvilon
Fedhas
Kikubaaqudgha
Makhleb
Nemelex Xobeh
Okawaru
Qazlal
Sif Muna
Trog
Vehumet
Xom
Yredelemnul
Zin
The Shining One
Beogh
Jiyva

Shops:
D:13 }   Orc:4 *?*!

Portals:
Trove: D:14 (show horn of Geryon)

Annotations:
Orc:2 Josephine
Lair:4 exclusion: oklob plant


Message History

Unknown command.
Your ice beast evades a web.
Unknown command.
Unknown command.
You feel you are being watched by something. x2
Something hits you.
* * * LOW HITPOINT WARNING * * *
Something barely misses you. Something stings you!
* * * LOW HITPOINT WARNING * * *
Unknown command.
You feel you are being watched by something.
Unknown command.
You feel you are being watched by something.
There is a stone staircase leading up here.
Unknown command.
You feel you are being watched by something.
Something hits you!
* * * LOW HITPOINT WARNING * * *
Something hits you!
You die...

##.##....#.###.....#
.
..#.###.#.#...#....#
#..##..s...##..##..#
#..#.#.#..#.#.#. ...
...#......^...#. .
###.#s#.#.^#.#.
##.#..s##.#...#.
#...%.#.........
####.#%#..@.##..#.#
#^......#.##...#.
#..##.#.....#.#.#
#.#......##..#..
#.#.#..#.###..#.
#...##..<# ..#
###.##....# #
##...#..# ##.##....


You could see a demonic crawler and a tarantella.

Vanquished Creatures
  A yak (Lair:7)
  A spider (Lair:6)
  A crocodile (Lair:7)
  A giant frog (D:12)
  A scorpion (Spider:3)
  2 eyes of draining (D:14)
  A hound (D:11)
  A crimson imp (D:12)
  2 orc wizards
  An ogre skeleton (D:11)
  An adder (Lair:8)
  An orc zombie (D:7)
  A shadow imp (D:14)
  A giant gecko (D:6)
  6 orcs
  3 goblins
  2 hobgoblins
  2 jackals
  2 kobolds (D:14)
  5 bats
  3 giant newts
  A rat (D:3)
  A rat zombie (D:5)
  7 ballistomycetes
  4 plants
52 creatures vanquished.

Vanquished Creatures (collateral kills)
  Norris (Spider:2)
  An emperor scorpion (Spider:2)
  A ghost moth (Spider:2)
  5 dire elephants (Lair:8)
  Snorg (Lair:8)
  The ghost of Christof the Cleaver, a powerful HOBe of Trog (D:10)
  A vault guard (D:13)
  An anaconda (Lair:8)
  6 hydras
  2 centaur warriors
  3 death yaks (Lair:8)
  An ogre mage (D:15)
  The ghost of Kejsarherre the Basher, an experienced OgHu of Okawaru (D:8)
  3 skeletal warriors (D:15)
  3 unseen horrors
  Erolcha (Orc:3)
  2 orc knights (Orc:4)
  5 hill giants
  A necromancer (D:15)
  Pikel (D:4)
  5 orb spiders
  22 ugly things
  10 wolf spiders
  An orc sorcerer (D:15)
  A centaur zombie (D:14)
  9 elephants
  A moth of wrath (Spider:3)
  2 cyclopes
  3 red wasps (Spider:2)
  3 black mambas
  A naga mage (D:15)
  A torpor snail (Lair:5)
  11 spiny frogs
  3 kobold demonologists
  4 yaktaurs (D:15)
  2 demonic crawlers
  A centaur skeleton (D:14)
  2 fire drakes
  8 jumping spiders
  5 trolls
  4 two-headed ogres
  9 komodo dragons
  A hydra skeleton (D:15)
  A slime creature (shapeshifter) (D:15)
  4 boulder beetles
  8 tarantellas (Spider:2)
  24 blink frogs
  A spriggan (Lair:6)
  2 shadows
  5 basilisks
  A centaur simulacrum (D:15)
  A vampire (D:14)
  17 redbacks
  6 trapdoor spiders
  2 deep elf magi
  5 water elementals (D:15)
  43 yaks
  Eustachio (D:6)
  2 wraiths
  A hippogriff (shapeshifter) (D:13)
  10 hippogriffs
  2 vampire mosquitoes (D:12)
  5 wyverns
  3 wargs
  2 hungry ghosts
  Menkaure (D:4)
  15 wolves
  10 swamp worms (Spider:1)
  12 ice beasts
  A mottled dragon (D:14)
  3 black bears
  16 spiders
  16 water moccasins
  32 orc warriors
  Purgy (D:3)
  2 necrophages
  A slave (D:4)
  6 sky beasts
  2 yellow wasps
  9 porcupines
  14 ogres
  6 phantoms
  4 boring beetles
  4 big kobolds
  15 centaurs
  15 crocodiles
  20 giant frogs
  Blork the orc (D:9)
  A water moccasin zombie (D:7)
  14 scorpions
  5 troll zombies
  3 electric eels
  19 killer bees
  A manticore simulacrum (D:15)
  20 wights
  9 crimson imps
  2 goliath beetles (D:10)
  17 orc priests
  13 hounds
  4 jellies
  Crazy Yiuf (D:6)
  A giant frog skeleton (D:6)
  27 orc wizards
  A two-headed ogre skeleton (D:10)
  Natasha (thrice) (D:4)
  An elf skeleton (D:15)
  10 iguanas
  An elf simulacrum (D:14)
  4 sheep (Lair:7)
  11 worker ants
  5 ogre zombies
  An ogre skeleton (D:5)
  2 mummies
  15 gnolls
  A mottled dragon simulacrum (D:15)
  22 adders
  6 shadow imps
  48 green rats
  5 orc skeletons
  3 giant mites
  A white imp (D:15)
  12 worms
  An ufetubus (Spider:2)
  4 giant geckos
  7 oozes
  125 orcs
  2 ball pythons
  8 bats
  4 giant cockroaches
  13 goblins
  23 hobgoblins
  13 jackals
  33 kobolds
  6 quokkas
  A giant gecko skeleton (D:8)
  3 giant newts
  A giant newt skeleton (D:4)
  3 giant spores
  2 goblin skeletons
  3 goblin zombies (D:9)
  3 hobgoblin skeletons (D:9)
  A hobgoblin zombie (D:9)
  An orc simulacrum (Orc:2)
  14 orc zombies (D:9)
  12 rats
  2 rat skeletons
  8 ballistomycetes
  A bush (Lair:8)
  6 fungi
  4 plants
1095 creatures vanquished.

Vanquished Creatures (others)
  Asterion (Spider:2)
  A death yak (Lair:8)
  An orb spider (Spider:2)
  2 unseen horrors (D:15)
  A wizard (D:15)
  A deep elf conjurer (D:15)
  An orc sorcerer (D:15)
  A hill giant (D:14)
  A griffon (D:15)
  A manticore (D:15)
  7 wolf spiders
  2 cyclopes
  2 elephants (Lair:8)
  A centaur zombie (D:15)
  A black mamba (Lair:6)
  2 sixfirhies
  2 spiny frogs (Lair:8)
  2 iron devils
  A torpor snail (Spider:1)
  A smoke demon (Orc:4)
  2 orange demons
  A demonic crawler (Spider:2)
  A tengu conjurer (D:13)
  A freezing wraith (D:14)
  2 komodo dragons
  A red devil (D:15)
  A jumping spider (Spider:1)
  2 blue devils
  A troll (D:15)
  3 blink frogs
  2 ravens
  9 guardian golems
  7 trapdoor spiders
  A wraith (D:15)
  3 yaks
  A deep elf mage (D:15)
  A boulder beetle (Spider:2)
  A ynoxinul (Spider:2)
  4 redbacks
  A basilisk (Lair:8)
  A tarantella (Spider:2)
  A hungry ghost (D:15)
  A hippogriff (Lair:8)
  A wyvern (D:14)
  3 neqoxecs
  A mottled dragon (D:15)
  24 wolves
  2 vampire mosquitoes (D:14)
  27 wargs
  2 water moccasins
  A soldier ant (D:15)
  81 ice beasts
  2 slaves (D:4)
  2 porcupines
  5 spiders
  2 orc warriors
  3 boring beetles (Lair:8)
  A necrophage (D:10)
  3 yellow wasps
  An ogre (D:14)
  4 centaurs
  A brain worm (D:15)
  9 crocodiles
  6 giant frogs
  A gnoll sergeant (D:4)
  A big kobold (D:14)
  A wyvern skeleton (D:15)
  5 scorpions
  A killer bee (D:14)
  2 wights (D:15)
  11 crimson imps
  5 iron imps
  2 jellies
  2 orc priests
  A centaur skeleton (D:11)
  14 hounds
  4 orc wizards
  An iguana (D:12)
  A worker ant (D:12)
  4 sheep
  A gnoll (D:11)
  13 green rats
  8 shadow imps
  9 adders
  8 white imps
  11 ufetubi
  48 orcs
  3 kobolds
  8 bats
  9 giant spores
  2 goblins
  14 quokkas
  4 rats
  2 butterflies (D:10)
  13 fungi
  4 plants
474 creatures vanquished.

Grand Total: 1621 creatures vanquished

Notes
Turn   | Place    | Note
--------------------------------------------------------------
     0 | D:1      | Alg, the Deep Elf Summoner, began the quest for the Orb.
     0 | D:1      | Reached XP level 1. HP: 10/10 MP: 5/5
   654 | D:1      | Reached XP level 2. HP: 12/15 MP: 1/8
   658 | D:1      | Learned a level 2 spell: Call Imp
   822 | D:1      | Found a sparkling altar of Nemelex Xobeh.
  1345 | D:2      | Reached XP level 3. HP: 17/19 MP: 6/12
  1350 | D:2      | Learned a level 3 spell: Call Canine Familiar
  1653 | D:2      | Reached skill level 5 in Summonings
  2260 | D:2      | Reached XP level 4. HP: 24/24 MP: 12/16
  2281 | D:2      | Learned a level 4 spell: Summon Ice Beast
  2297 | D:3      | Noticed a giant frog
  2305 | D:3      | Killed a giant frog
  2305 | D:3      | Reached skill level 5 in Spellcasting
  2525 | D:3      | Noticed Purgy
  2840 | D:3      | Killed Purgy
  2840 | D:3      | Reached skill level 1 in Ice Magic
  2840 | D:3      | Reached XP level 5. HP: 28/28 MP: 6/19
  3030 | D:3      | Found a blossoming altar of Fedhas.
  3767 | D:4      | Reached XP level 6. HP: 19/32 MP: 3/21
  3773 | D:4      | Reached skill level 6 in Spellcasting
  4037 | D:4      | Noticed Natasha
  4053 | D:4      | Killed Natasha
  4165 | D:4      | Noticed Menkaure
  4167 | D:4      | Noticed Pikel
  4168 | D:4      | Noticed a slave
  4173 | D:4      | Noticed a slave
  4177 | D:4      | Noticed a slave
  4177 | D:4      | Killed Menkaure
  4181 | D:4      | Noticed a slave
  4184 | D:4      | Killed a slave
  4186 | D:4      | Noticed Natasha
  4193 | D:4      | Killed Pikel
  4193 | D:4      | Reached XP level 7. HP: 36/36 MP: 2/24
  4195 | D:4      | Killed Natasha
  4268 | D:4      | Learned a level 4 spell: Summon Guardian Golem
  4370 | D:4      | Noticed Natasha
  4376 | D:4      | Killed Natasha
  4376 | D:4      | Killed a freed slave
  4538 | D:4      | Killed a freed slave
  4713 | D:4      | Reached skill level 7 in Spellcasting
  4820 | D:5      | Entered Level 5 of the Dungeon
  5016 | D:5      | Learned a level 3 spell: Recall
  5244 | D:5      | Found a shimmering altar of Xom.
  5322 | D:5      | Found a white marble altar of Elyvilon.
  5338 | D:5      | Reached skill level 1 in Hexes
  6142 | D:6      | Reached XP level 8. HP: 41/41 MP: 18/26
  6283 | D:6      | Reached skill level 1 in Translocations
  6565 | D:6      | Noticed Eustachio
  6575 | D:6      | Killed Eustachio
  6612 | D:6      | Reached skill level 8 in Spellcasting
  7143 | D:6      | Found a glowing golden altar of the Shining One.
  7145 | D:6      | Found a white marble altar of Elyvilon.
  7324 | D:6      | Reached skill level 5 in Ice Magic
  7404 | D:6      | Found a glowing silver altar of Zin.
  7474 | D:6      | Reached skill level 5 in Stealth
  7522 | D:6      | Learned a level 5 spell: Summon Demon
  7645 | D:6      | Noticed Crazy Yiuf
  7651 | D:6      | Killed Crazy Yiuf
  8510 | D:7      | Reached skill level 9 in Spellcasting
  8525 | D:7      | Learned a level 3 spell: Abjuration
  8637 | D:7      | Found a staircase to the Ecumenical Temple.
  8642 | Temple   | Entered the Ecumenical Temple
  8682 | Temple   | Became a worshipper of Sif Muna the Loreminder
  8864 | D:8      | Reached XP level 9. HP: 44/46 MP: 9/29
  9049 | D:8      | Noticed Kejsarherre's ghost (experienced OgHu)
  9055 | D:8      | Reached skill level 1 in Fighting
  9116 | D:8      | Killed Kejsarherre's ghost
  9922 | D:8      | Acquired Sif Muna's first power
 10316 | D:9      | Found a basalt altar of Yredelemnul.
 10526 | D:9      | Reached skill level 1 in Invocations
 10599 | D:9      | Reached skill level 10 in Spellcasting
 10736 | D:9      | Found a staircase to the Orcish Mines.
 10748 | D:9      | Noticed Blork the orc
 10757 | D:9      | Killed Blork the orc
 11485 | D:10     | Entered Level 10 of the Dungeon
 11495 | D:10     | Found a staircase to the Lair.
 11497 | D:10     | Noticed an elephant
 11516 | D:10     | Killed an elephant
 11516 | D:10     | Reached XP level 10. HP: 53/53 MP: 8/31
 11530 | D:10     | Noticed Christof's ghost (powerful HOBe)
 12474 | D:10     | Killed Christof's ghost
 12474 | D:10     | Acquired Sif Muna's second power
 12569 | Lair:1   | Entered Level 1 of the Lair of Beasts
 12570 | Lair:1   | Upgraded the game from 0.15.0-12-gccce430 to 0.15.0-13-gb296d5c
 12787 | D:10     | Gained mutation: You are robust (+10% HP). [potion of mutation]
 12787 | D:10     | Gained mutation: Potions and wands are less effective at restoring your health. [potion of mutation]
 12787 | D:10     | Gained mutation: Your vision is a little blurry. [potion of mutation]
 12977 | D:10     | Gained mutation: You possess an exceptional clarity of mind. [potion of beneficial mutation]
 13458 | Lair:1   | You fall through a shaft!
 13469 | Lair:2   | Reached skill level 11 in Spellcasting
 13469 | Lair:2   | Reached skill level 10 in Summonings
 13569 | Lair:2   | Learned a level 6 spell: Haste
 13680 | Lair:2   | Reached skill level 1 in Charms
 14843 | Lair:2   | Noticed a six-headed hydra
 14853 | Lair:2   | Killed a six-headed hydra
 14853 | Lair:2   | Reached skill level 5 in Charms
 15591 | Lair:3   | Found a labyrinth entrance.
 15707 | Lair:3   | Reached XP level 11. HP: 66/66 MP: 21/33
 15730 | Lair:3   | Reached skill level 5 in Invocations
 16634 | Lair:4   | Acquired Sif Muna's third power
 17401 | Lair:4   | Noticed a four-headed hydra
 17410 | Lair:4   | Killed a four-headed hydra
 18008 | Lair:5   | Noticed an eight-headed hydra
 18009 | Lair:5   | Found a staircase to the Swamp.
 18018 | Lair:5   | Killed an eight-headed hydra
 18276 | Lair:5   | Reached skill level 12 in Spellcasting
 18979 | Lair:6   | Noticed a spriggan rider
 18989 | Lair:6   | Killed a yellow wasp
 18990 | Lair:6   | Killed a spriggan
 19292 | Lair:6   | Learned a level 5 spell: Shadow Creatures
 19518 | Lair:6   | Found a hole to the Spider Nest.
 19591 | Lair:6   | Found a frozen archway.
 20295 | Lair:6   | Reached XP level 12. HP: 72/72 MP: 2/35
 20710 | Lair:7   | Noticed a seven-headed hydra
 20718 | Lair:7   | Killed a seven-headed hydra
 21397 | Lair:7   | Received a gift from Sif Muna
 22041 | Lair:8   | Entered Level 8 of the Lair of Beasts
 22054 | Lair:8   | Identified a +0 rod of clouds (13/13) (You found it on level 8 of the Lair of Beasts)
 22059 | Lair:8   | Found a staircase to the Slime Pits.
 22059 | Lair:8   | Found a viscous altar of Jiyva.
 22127 | Lair:8   | Noticed a six-headed hydra
 22156 | Lair:8   | Killed a six-headed hydra
 22165 | Lair:8   | Reached skill level 5 in Fighting
 22384 | Lair:8   | Noticed Snorg
 22397 | Lair:8   | Killed Snorg
 22397 | Lair:8   | Reached skill level 13 in Spellcasting
 22461 | Lair:8   | Reached skill level 10 in Charms
 24067 | Lair:8   | Noticed an anaconda
 24080 | Lair:8   | Killed an anaconda
 24086 | Lair:8   | Noticed a dire elephant
 24123 | Lair:8   | Killed a dire elephant
 24224 | Lair:8   | Noticed a dire elephant
 24235 | Lair:8   | Noticed a dire elephant
 24282 | Lair:8   | Killed a dire elephant
 24304 | Lair:8   | Killed a dire elephant
 24657 | Lair:8   | Noticed a dire elephant
 24657 | Lair:8   | Noticed a dire elephant
 24695 | Lair:8   | Killed a dire elephant
 24699 | Lair:8   | Killed a dire elephant
 24699 | Lair:8   | Received a gift from Sif Muna
 24700 | Lair:8   | Identified Chefef's Grimoire of Augmentations and the Compass (Sif Muna gifted it to you on level 8 of the Lair of Beasts)
 25245 | D:10     | Noticed a hill giant
 25263 | D:10     | Killed a hill giant
 25263 | D:10     | Reached XP level 13. HP: 81/81 MP: 17/36
 25474 | Orc:1    | Entered Level 1 of the Orcish Mines
 26722 | Orc:3    | Noticed Erolcha
 27123 | Orc:3    | Killed Erolcha
 27262 | Orc:3    | Found a roughly hewn altar of Beogh.
 27380 | Orc:3    | Found a staircase to the Elven Halls.
 27475 | Orc:4    | Entered Level 4 of the Orcish Mines
 27742 | Orc:2    | Noticed Josephine
 28709 | Orc:4    | Found Ucuppez's Assorted Antiques.
 28709 | Orc:4    | Found Plog's Magic Scroll Boutique.
 28722 | Orc:4    | Found Roqoysy's Distillery.
 28724 | Orc:4    | Found Idarheux's Assorted Antiques.
 28731 | Orc:4    | Bought a warped long sword for 272 gold pieces
 28732 | Orc:4    | Identified the +6 long sword of Valiance {holy, rF+ Int+2} (You bought it in a shop on level 4 of the Orcish Mines)
 32394 | D:13     | Reached skill level 1 in Long Blades
 32742 | D:13     | Found Xumo's Gadget Boutique.
 33101 | D:13     | Found a gate to the Vaults.
 33448 | D:14     | Found a shadowy altar of Dithmenos.
 33744 | D:14     | Reached skill level 14 in Summonings
 34689 | D:14     | Found a portal to a secret trove of treasure.
 35139 | D:15     | Entered Level 15 of the Dungeon
 35847 | D:15     | Found a staircase to the Depths.
 35901 | Depths:1 | Entered Level 1 of the Depths
 35901 | Depths:1 | Noticed a stone giant
 36578 | D:15     | Reached skill level 5 in Dodging
 37177 | D:15     | Received a gift from Sif Muna
 38775 | Spider:1 | Entered Level 1 of the Spider Nest
 38820 | Spider:1 | Reached XP level 14. HP: 88/88 MP: 16/38
 38963 | Spider:1 | Lost mutation: Your vision is a little blurry. [potion of cure mutation]
 38963 | Spider:1 | Lost mutation: You possess an exceptional clarity of mind. [potion of cure mutation]
 38963 | Spider:1 | Lost mutation: Potions and wands are less effective at restoring your health. [potion of cure mutation]
 38963 | Spider:1 | Lost mutation: You are robust (+10% HP). [potion of cure mutation]
 39376 | Spider:2 | Killed a ghost moth
 40579 | Spider:2 | Noticed Asterion
 40580 | Spider:2 | Noticed Norris
 40580 | Spider:2 | Noticed a spectral weapon
 40612 | Spider:2 | Killed Asterion
 40691 | Spider:2 | Paralysed by Norris for 7 turns
 40731 | Spider:2 | Killed Norris
 40731 | Spider:2 | Reached skill level 15 in Summonings
 41122 | Spider:2 | Noticed an emperor scorpion
 41145 | Spider:2 | Killed an emperor scorpion
 42073 | Spider:3 | HP: 3/82 [something (13)]
 42073 | Spider:3 | Mangled by a ghost moth

Action                   |  1- 3 |  4- 6 |  7- 9 | 10-12 | 13-15 || total
-------------------------+-------+-------+-------+-------+-------++-------
Melee: Short sword       |    45 |    18 |    66 |   203 |    26 ||   358
       Long sword        |       |       |       |       |    90 ||    90
 Cast: Summon Small Mamm |    57 |    21 |     9 |       |       ||    87
       Call Imp          |    27 |    28 |    37 |    11 |       ||   103
       Call Canine Famil |     4 |    18 |    55 |    65 |    48 ||   190
       Summon Ice Beast  |       |    11 |    96 |   258 |   289 ||   654
       Summon Guardian G |       |       |     8 |     6 |    34 ||    48
       Summon Demon      |       |       |     6 |    39 |    23 ||    68
       Recall            |       |       |     2 |    13 |    11 ||    26
       Shadow Creatures  |       |       |       |   110 |   268 ||   378
       Abjuration        |       |       |       |     3 |     4 ||     7
       Haste             |       |       |       |     1 |    27 ||    28
Invok: Channel Energy    |       |       |    13 |    96 |   215 ||   324
       Forget Spell      |       |       |       |     1 |       ||     1
Evoke: Wand              |     1 |       |       |     9 |     3 ||    13
  Use: Scroll            |       |     2 |       |    19 |     8 ||    29
       Potion            |       |       |       |    17 |     4 ||    21
 Stab: Sleeping          |       |     2 |     3 |     1 |     1 ||     7
       Distracted        |       |       |     1 |       |     2 ||     3
  Eat: Chunk             |     4 |     8 |    26 |    35 |    63 ||   136
       Pizza             |       |       |     1 |       |       ||     1
       Royal jelly       |       |       |     1 |     2 |     2 ||     5
       Bread ration      |       |       |       |     2 |     2 ||     4
       Meat ration       |       |       |       |     3 |     2 ||     5
       Beef jerky        |       |       |       |     2 |       ||     2
       Fruit             |       |       |       |       |     7 ||     7
